TOP OF THE 1ST |
Pittsfield Colonials batting - Pitching for Waterbury Rough Riders : LHP Ravelo Manzanillo
|
Pitching: LHP Ravelo Manzanillo
|
|
Batting: SHB Steve Scafa
|
0-0: Foul Ball, location: 2F 0-1: Foul Ball, location: 2F 0-2: Ball 1-2: Foul Ball, location: 2F 1-2: Ball 2-2: Foul Ball, location: 2F 2-2: Foul Ball, location: 2F 2-2: Fly out, F9 (Flyball, 9, EV 83.1 MPH)
|
Batting: RHB Mike Brewer
|
0-0: Foul Ball, location: 2F 0-1: Foul Ball, location: 2F 0-2: Ball 1-2: Ball 2-2: Ball 3-2: Foul Ball, location: 2F 3-2: Foul Ball, location: 2F 3-2: Strikes out swinging
|
Batting: LHB Terry Francona
|
0-0: Called Strike 0-1: Ball 1-1: Fly out, F8 (Line Drive, 8RD, EV 91.9 MPH)
|
Top of the 1st over - 0 runs, 0 hits, 0 errors, 0 left on base; Pittsfield 0 - Waterbury 0 |
BOTTOM OF THE 1ST |
Waterbury Rough Riders batting - Pitching for Pittsfield Colonials : RHP Bob Stoddard
|
Pitching: RHP Bob Stoddard
|
|
Batting: RHB David Corman
|
0-0: Ball 1-0: Fly out, F7 (Flyball, 78S, EV 92.5 MPH)
|
Batting: RHB Jack Fimple
|
0-0: Ball 1-0: Foul Ball, location: 2F 1-1: Swinging Strike 1-2: Foul Ball, location: 2F 1-2: Fly out, F8 (Flyball, 89M, EV 90.6 MPH)
|
Batting: RHB Billy Beane
|
0-0: Swinging Strike 0-1: Swinging Strike 0-2: Ball 1-2: Strikes out swinging
|
Bottom of the 1st over - 0 runs, 0 hits, 0 errors, 0 left on base; Pittsfield 0 - Waterbury 0 |
TOP OF THE 2ND |
Pittsfield Colonials batting - Pitching for Waterbury Rough Riders : LHP Ravelo Manzanillo
|
Batting: RHB Shawon Dunston
|
0-0: Ball 1-0: Fly out, F9 (Flyball, 9D, EV 96.9 MPH)
|
Batting: RHB Steven Ramler
|
0-0: Ball 1-0: Ball 2-0: Swinging Strike 2-1: Foul Ball, location: 2F 2-2: Ball 3-2: Foul Ball, location: 2F 3-2: Ground out 6-3 (Groundball, 6, EV 106.9 MPH)
|
Batting: SHB Felipe Gracia
|
0-0: Ball 1-0: Fly out, F7 (Flyball, 7D, EV 103.8 MPH)
|
Top of the 2nd over - 0 runs, 0 hits, 0 errors, 0 left on base; Pittsfield 0 - Waterbury 0 |
BOTTOM OF THE 2ND |
Waterbury Rough Riders batting - Pitching for Pittsfield Colonials : RHP Bob Stoddard
|
Batting: RHB john W Russell
|
0-0: Ball 1-0: Ball 2-0: Foul Ball, location: 2F 2-1: Fly out, F8 (Flyball, 8RD, EV 86.9 MPH)
|
Batting: RHB Dave Wilder
|
0-0: Ball 1-0: Foul Ball, location: 2F 1-1: Called Strike 1-2: Ground out 6-3 (Groundball, 6, EV 110.0 MPH)
|
Batting: LHB David Blume
|
0-0: Ball 1-0: Fly out, F3 (Line Drive, 3, EV 68.1 MPH)
|
Bottom of the 2nd over - 0 runs, 0 hits, 0 errors, 0 left on base; Pittsfield 0 - Waterbury 0 |
TOP OF THE 3RD |
Pittsfield Colonials batting - Pitching for Waterbury Rough Riders : LHP Ravelo Manzanillo
|
Batting: LHB Armando Ortiz
|
0-0: Ball 1-0: Ground out 4-3 (Groundball, 4, EV 77.5 MPH)
|
Batting: SHB David Enos
|
0-0: Foul Ball, location: 2F 0-1: Fly out, F9 (Flyball, 89S, EV 93.1 MPH)
|
Batting: RHB Juan Castro
|
0-0: Ball 1-0: Swinging Strike 1-1: Swinging Strike 1-2: Strikes out swinging
|
Top of the 3rd over - 0 runs, 0 hits, 0 errors, 0 left on base; Pittsfield 0 - Waterbury 0 |
BOTTOM OF THE 3RD |
Waterbury Rough Riders batting - Pitching for Pittsfield Colonials : RHP Bob Stoddard
|
Batting: RHB Daniel Purpura
|
0-0: Ball 1-0: Ball 2-0: Foul Ball, location: 2F 2-1: Foul Ball, location: 2F 2-2: Fly out, F8 (Flyball, 8RD, EV 108.8 MPH)
|
Batting: RHB Jose Quiroz
|
0-0: Foul Ball, location: 2F 0-1: Ball 1-1: Foul Ball, location: 2F 1-2: Strikes out swinging
|
Batting: RHB Joseph Pocoroba
|
0-0: Called Strike 0-1: Foul Ball, location: 2F 0-2: Fly out, F6 (Line Drive, 6, EV 65.0 MPH)
|
Bottom of the 3rd over - 0 runs, 0 hits, 0 errors, 0 left on base; Pittsfield 0 - Waterbury 0 |
TOP OF THE 4TH |
Pittsfield Colonials batting - Pitching for Waterbury Rough Riders : LHP Ravelo Manzanillo
|
Batting: SHB Steve Scafa
|
0-0: Foul Ball, location: 2F 0-1: Foul Ball, location: 2F 0-2: Strikes out swinging
|
Batting: RHB Mike Brewer
|
0-0: Called Strike 0-1: Swinging Strike 0-2: DOUBLE (Flyball, 89D, EV 100.0 MPH)
|
Batting: LHB Terry Francona
|
0-0: Foul Ball, location: 2F 0-1: Fly out, F6 (Popup, 6MS, EV 68.1 MPH)
|
Batting: RHB Shawon Dunston
|
0-0: Called Strike 0-1: Ball 1-1: Ground out 6-3 (Groundball, 6, EV 86.3 MPH)
|
Top of the 4th over - 0 runs, 1 hit, 0 errors, 1 left on base; Pittsfield 0 - Waterbury 0 |
BOTTOM OF THE 4TH |
Waterbury Rough Riders batting - Pitching for Pittsfield Colonials : RHP Bob Stoddard
|
Batting: RHB David Corman
|
0-0: Ball 1-0: Called Strike 1-1: Foul Ball, location: 2F 1-2: Strikes out swinging
|
Batting: RHB Jack Fimple
|
0-0: Ball 1-0: Swinging Strike 1-1: Ball 2-1: Fly out, F7 (Flyball, 7LM, EV 96.3 MPH)
|
Batting: RHB Billy Beane
|
0-0: Ball 1-0: Called Strike 1-1: Ball 2-1: Fly out, F3 (Popup, 23F, EV 83.1 MPH)
|
Bottom of the 4th over - 0 runs, 0 hits, 0 errors, 0 left on base; Pittsfield 0 - Waterbury 0 |
TOP OF THE 5TH |
Pittsfield Colonials batting - Pitching for Waterbury Rough Riders : LHP Ravelo Manzanillo
|
Batting: RHB Steven Ramler
|
0-0: Ball 1-0: Ball 2-0: Ball 3-0: Called Strike 3-1: Foul Ball, location: 2F 3-2: Foul Ball, location: 2F 3-2: Foul Ball, location: 2F 3-2: Base on Balls
|
Batting: SHB Felipe Gracia
|
0-0: Ball 1-0: Bunted foul 1-1: Bunted foul 1-2: Ball 2-2: Ball 3-2: Base on Balls Steven Ramler to second
|
Batting: LHB Armando Ortiz
|
0-0: Called Strike 0-1: SINGLE (Line Drive, 56, EV 98.8 MPH) Steven Ramler to third Felipe Gracia to second Runner from 3rd tries for Home, SAFE, throw by LF to home
|
Batting: SHB David Enos
|
0-0: Ball 1-0: Foul Ball, location: 2F 1-1: Ball 2-1: Ball 3-1: Called Strike 3-2: Strikes out swinging
|
Batting: RHB Juan Castro
|
0-0: Ball 1-0: SINGLE (Groundball, 34D, EV 106.3 MPH) Felipe Gracia to third Armando Ortiz to second Runner from 3rd tries for Home, SAFE, throw by RF to home
|
Batting: SHB Steve Scafa
|
0-0: Ball 1-0: Ball 2-0: Ball 3-0: Called Strike 3-1: Called Strike 3-2: Fly out, F9 (Flyball, 89S, EV 84.4 MPH)
|
Batting: RHB Mike Brewer
|
0-0: Called Strike 0-1: Foul Ball, location: 2F 0-2: Fly out, F7 (Flyball, 7S, EV 95.0 MPH)
|
Top of the 5th over - 2 runs, 2 hits, 0 errors, 2 left on base; Pittsfield 2 - Waterbury 0 |
BOTTOM OF THE 5TH |
Waterbury Rough Riders batting - Pitching for Pittsfield Colonials : RHP Bob Stoddard
|
Batting: RHB john W Russell
|
0-0: Foul Ball, location: 2F 0-1: Ball 1-1: Ground out 5-3 (Groundball, 5S, EV 70.0 MPH)
|
Batting: RHB Dave Wilder
|
0-0: Ball 1-0: Foul Ball, location: 2F 1-1: Foul Ball, location: 2F 1-2: Foul Ball, location: 2F 1-2: Foul Ball, location: 2F 1-2: Ball 2-2: Ball 3-2: Ground out 6-3 (Groundball, 56, EV 85.0 MPH)
|
Batting: LHB David Blume
|
0-0: Called Strike 0-1: Ball 1-1: Ball 2-1: Ball 3-1: Called Strike 3-2: Base on Balls
|
Batting: RHB Daniel Purpura
|
0-0: Ball Wild Pitch! David Blume to second 1-0: Foul Ball, location: 2F 1-1: Foul Ball, location: 2F 1-2: Foul Ball, location: 2F 1-2: Ball 2-2: Foul Ball, location: 2F 2-2: Foul Ball, location: 2F 2-2: Fly out, F9 (Flyball, 9S, EV 85.6 MPH)
|
Bottom of the 5th over - 0 runs, 0 hits, 0 errors, 1 left on base; Pittsfield 2 - Waterbury 0 |
TOP OF THE 6TH |
Pittsfield Colonials batting - Pitching for Waterbury Rough Riders : LHP Ravelo Manzanillo
|
Batting: LHB Terry Francona
|
0-0: Ball 1-0: Foul Ball, location: 2F 1-1: Swinging Strike 1-2: Ground out U3 (Groundball, 34, EV 88.1 MPH)
|
Batting: RHB Shawon Dunston
|
0-0: Ball 1-0: Fly out, F8 (Flyball, 8RS, EV 90.6 MPH)
|
Batting: RHB Steven Ramler
|
0-0: Ball 1-0: Ground out 5-3 (Groundball, 56, EV 83.8 MPH)
|
Top of the 6th over - 0 runs, 0 hits, 0 errors, 0 left on base; Pittsfield 2 - Waterbury 0 |
BOTTOM OF THE 6TH |
Waterbury Rough Riders batting - Pitching for Pittsfield Colonials : RHP Bob Stoddard
|
Batting: RHB Jose Quiroz
|
0-0: Foul Ball, location: 2F 0-1: Ball 1-1: Foul Ball, location: 2F 1-2: Fly out, F4 (Popup, 34S, EV 83.8 MPH)
|
Batting: RHB Joseph Pocoroba
|
0-0: Foul Ball, location: 2F 0-1: Foul Ball, location: 2F 0-2: Ground out 5-3 (Groundball, 56S, EV 87.5 MPH)
|
Batting: RHB David Corman
|
0-0: Foul Ball, location: 2F 0-1: Ball 1-1: Foul Ball, location: 2F 1-2: Ground out U3 (Groundball, 34, EV 80.0 MPH)
|
Bottom of the 6th over - 0 runs, 0 hits, 0 errors, 0 left on base; Pittsfield 2 - Waterbury 0 |
TOP OF THE 7TH |
Pittsfield Colonials batting - Pitching for Waterbury Rough Riders : LHP Ravelo Manzanillo
|
Batting: SHB Felipe Gracia
|
0-0: Called Strike 0-1: Fly out, F9 (Flyball, 89S, EV 71.9 MPH)
|
Batting: LHB Armando Ortiz
|
0-0: Called Strike 0-1: Foul Ball, location: 2F 0-2: Ball 1-2: DOUBLE (Line Drive, 78D, EV 102.5 MPH)
|
Batting: SHB David Enos
|
0-0: Ball 1-0: Ball 2-0: Foul Ball, location: 2F 2-1: Foul Ball, location: 2F 2-2: Strikes out swinging
|
Batting: RHB Juan Castro
|
0-0: Ball 1-0: Ball 2-0: Ground out 4-3 (Groundball, 4S, EV 73.1 MPH)
|
Top of the 7th over - 0 runs, 1 hit, 0 errors, 1 left on base; Pittsfield 2 - Waterbury 0 |
BOTTOM OF THE 7TH |
Waterbury Rough Riders batting - Pitching for Pittsfield Colonials : RHP Bob Stoddard
|
Batting: RHB Jack Fimple
|
0-0: Swinging Strike 0-1: Foul Ball, location: 2F 0-2: Foul Ball, location: 2F 0-2: Ground out 5-3 (Groundball, 56S, EV 91.3 MPH)
|
Batting: RHB Billy Beane
|
0-0: Fly out, F7 (Flyball, 78D, EV 101.9 MPH)
|
Batting: RHB john W Russell
|
0-0: Ball 1-0: Swinging Strike 1-1: Swinging Strike 1-2: Ball 2-2: Strikes out looking
|
Bottom of the 7th over - 0 runs, 0 hits, 0 errors, 0 left on base; Pittsfield 2 - Waterbury 0 |
TOP OF THE 8TH |
Pittsfield Colonials batting - Pitching for Waterbury Rough Riders : LHP Ravelo Manzanillo
|
Batting: SHB Steve Scafa
|
0-0: Ball 1-0: Called Strike 1-1: Called Strike 1-2: Fly out, F9 (Flyball, 9, EV 83.1 MPH)
|
Batting: RHB Mike Brewer
|
0-0: Ball 1-0: Ball 2-0: Ground out 4-3 (Groundball, 34, EV 96.9 MPH)
|
Batting: LHB Terry Francona
|
0-0: Ball 1-0: Ground out 4-3 (Groundball, 4, EV 98.1 MPH)
|
Top of the 8th over - 0 runs, 0 hits, 0 errors, 0 left on base; Pittsfield 2 - Waterbury 0 |
BOTTOM OF THE 8TH |
Waterbury Rough Riders batting - Pitching for Pittsfield Colonials : RHP Bob Stoddard
|
Batting: RHB Dave Wilder
|
0-0: Called Strike 0-1: Fly out, F9 (Flyball, 9, EV 76.9 MPH)
|
Batting: LHB David Blume
|
0-0: Foul Ball, location: 2F 0-1: Ball 1-1: Ball 2-1: Foul Ball, location: 2F 2-2: Foul Ball, location: 2F 2-2: Ball 3-2: Ground out 4-3 (Groundball, 34, EV 105.0 MPH)
|
Batting: RHB Daniel Purpura
|
0-0: Called Strike 0-1: Ball 1-1: Foul Ball, location: 2F 1-2: Ground out 4-3 (Groundball, 4, EV 80.0 MPH)
|
Bottom of the 8th over - 0 runs, 0 hits, 0 errors, 0 left on base; Pittsfield 2 - Waterbury 0 |
TOP OF THE 9TH |
Pittsfield Colonials batting - Pitching for Waterbury Rough Riders : LHP Ravelo Manzanillo
|
Batting: RHB Shawon Dunston
|
0-0: Ball 1-0: Ball 2-0: Foul Ball, location: 2F 2-1: DOUBLE (Flyball, 8LD, EV 104.4 MPH)
|
Batting: RHB Steven Ramler
|
0-0: Ground out 6-3 (Groundball, 56, EV 93.8 MPH)
|
Batting: SHB Felipe Gracia
|
0-0: Intentional Walk
|
Pitching: RHP John Maxson
|
|
Batting: LHB Armando Ortiz
|
0-0: Called Strike Shawon Dunston steals 3rd base (no throw) 0-1: Ball Felipe Gracia steals 2nd base 1-1: Foul Ball, location: 2F 1-2: Ball 2-2: Foul Ball, location: 2F 2-2: Foul Ball, location: 2F 2-2: Strikes out swinging
|
Batting: SHB David Enos
|
0-0: Ball 1-0: Ground out 6-3 (Groundball, 6M, EV 87.5 MPH)
|
Top of the 9th over - 0 runs, 1 hit, 0 errors, 2 left on base; Pittsfield 2 - Waterbury 0 |
BOTTOM OF THE 9TH |
Waterbury Rough Riders batting - Pitching for Pittsfield Colonials : RHP Bob Stoddard
|
Batting: RHB Jose Quiroz
|
0-0: Ball 1-0: Swinging Strike 1-1: Ball 2-1: Foul Ball, location: 2F 2-2: Ball 3-2: Ground out 5-3 (Groundball, 5, EV 87.5 MPH)
|
Batting: RHB Joseph Pocoroba
|
0-0: Ball 1-0: Swinging Strike 1-1: Swinging Strike 1-2: Strikes out swinging
|
Batting: RHB David Corman
|
0-0: Ball 1-0: Foul Ball, location: 2F 1-1: Called Strike 1-2: SINGLE (Line Drive, 4D, EV 106.9 MPH)
|
Batting: RHB Jack Fimple
|
0-0: Foul Ball, location: 2F 0-1: Swinging Strike 0-2: SINGLE (Groundball, 34D, EV 105.6 MPH) David Corman to second
|
Batting: RHB Billy Beane
|
0-0: Called Strike 0-1: Called Strike 0-2: Ball 1-2: Strikes out swinging
|
Bottom of the 9th over - 0 runs, 2 hits, 0 errors, 2 left on base; Pittsfield 2 - Waterbury 0 |
|